 Dungeon Crawl Stone Soup version 0.21-a0-584-g185da8e (console) character file.

98 Mandevil the Ruffian (level 4, 0/36 HPs)
             Began as a Draconian Transmuter on Dec 21, 2017.
             Slain by a crimson imp (2 damage)
             ... summoned by Natasha
             ... on level 2 of the Dungeon.
             The game lasted 00:03:35 (1745 turns).

Mandevil the Ruffian (Draconian Transmuter)         Turns: 1745, Time: 00:03:35

Health: 0/36       AC:  5    Str: 12 (14) XL:     4   Next: 43%
Magic:  4/7        EV: 12    Int: 11 (13) God:
Gold:   64         SH:  0    Dex: 10 (11) Spells: 2/8 levels left

rFire    . . .     SeeInvis .     - Unarmed
rCold    . . .     Gourm    .   (no shield)
rNeg     . . .     Faith    .   (armour unavailable)
rPois    .         Spirit   .   (helmet restricted)
rElec    .         Reflect  .   (no cloak)
rCorr    .         Harm     .   (no gloves)
MR       .....                  (no boots)
Stlth    +.........             (no amulet)
HPRegen  0.12/turn              (no ring)
MPRegen  0.10/turn              (no ring)

@: very slightly contaminated
A: unfitting armour, cold-blooded, AC +5
a: no special abilities


You were on level 2 of the Dungeon.
You were not hungry.

You visited 1 branch of the dungeon, and saw 2 of its levels.

You collected 64 gold pieces.

Inventory:

Missiles
 a - 12 arrows
 d - 20 sling bullets
 g - 25 bolts
 s - 44 stones (quivered)
Scrolls
 f - a scroll of remove curse {unknown}
 h - a scroll of fear {unknown}
 j - a scroll of teleportation {unknown}
Potions
 i - a potion of brilliance {unknown}
Books
 b - a book of Changes

   Spells                             Type                      Level
   a - Beastly Appendage              Transmutation                1
   b - Sticks to Snakes               Transmutation                2
   c - Spider Form                    Transmutation/Poison         3
   d - Ice Form                       Ice/Transmutation            4
   e - Blade Hands                    Transmutation                5
Comestibles
 c - 3 rations
 l - 6 chunks of flesh


   Skills:
 + Level 2.2 Fighting
 + Level 2.4 Dodging
 + Level 3.5 Unarmed Combat
 + Level 2.6 Spellcasting
 + Level 2.7 Transmutations


You had 2 spell levels left.
You knew the following spells:

 Your Spells              Type           Power        Failure   Level  Hunger
a - Beastly Appendage     Tmut           #.....       9%          1    ##.....
b - Sticks to Snakes      Tmut           #.......     14%         2    ###....
c - Spider Form           Tmut/Pois      #.........   43%         3    ####...


Dungeon Overview and Level Annotations

Branches:
Dungeon (2/15)

Altars:

Annotations:
D:2 Natasha


Innate Abilities, Weirdness & Mutations

Your plain brown scales are hard. (AC +5)
You cannot fit into any form of body armour.
You are cold-blooded and may be slowed by cold attacks.


Message History

You hit Natasha. You tail-slap Natasha.
Natasha is heavily wounded.
Natasha claws you. The crimson imp hits you.
* * * LOW HITPOINT WARNING * * *
You hit Natasha but do no damage.
Natasha is heavily wounded.
Natasha closely misses you. The crimson imp hits you.
* * * LOW HITPOINT WARNING * * *
Unknown command.
You closely miss Natasha.
Natasha is heavily wounded.
Natasha claws you.
* * * LOW HITPOINT WARNING * * *
The crimson imp misses you.
Unknown command.
It was a potion of degeneration.
There was something very wrong with that liquid.
You feel weakened.
You feel dopey.
You feel clumsy. Natasha closely misses you. The crimson imp hits you.
You die...

#.#.### ...# #......
###(.# #####.#.##. ....#
#.......##. #..$#
#.###.####.
#...#####.###.# #.
#..(..........# ##
#.h.#####.....#
#.d.####...####
#5(......#...##
....((.#.####......#####
.(..####..).............
... #######.....##### ..
#.......... .
#..####.... #..# #.###
#..# #.# #


You could see Natasha and a crimson imp.

Vanquished Creatures
  Natasha (D:2)
  2 adders (D:2)
  An ooze (D:1)
  A worm (D:2)
  2 dart slugs (D:1)
  2 leopard geckos
  A ball python (D:2)
  5 bats
  2 giant cockroaches
  3 goblins
  7 hobgoblins
  2 jackals (D:1)
  6 frilled lizards
  3 kobolds (D:1)
  5 rats
43 creatures vanquished.

Notes
Turn   | Place    | Note
-------+----------+-------------------------------------------
     0 | D:1      | Mandevil the Draconian Transmuter began the quest for the Orb.
     0 | D:1      | Reached XP level 1. HP: 16/16 MP: 3/3
   153 | D:1      | Reached XP level 2. HP: 13/23 MP: 3/5
   623 | D:1      | Reached XP level 3. HP: 29/29 MP: 6/6
   627 | D:1      | Learned a level 2 spell: Sticks to Snakes
   631 | D:1      | Learned a level 3 spell: Spider Form
  1668 | D:2      | Noticed Natasha
  1679 | D:2      | Reached XP level 4. HP: 36/36 MP: 5/7
  1690 | D:2      | Killed Natasha
  1726 | D:2      | Noticed Natasha
  1745 | D:2      | Slain by a crimson imp

Vault maps used:
D:1:      nzn_arrival_depleted_hourglass
D:2:      cheibrodos_gnoll_hut, uniq_natasha

Skill      XL: |  1  2  3 |
---------------+----------+-----
Dodging        | 2 |  2.4
Fighting       | 2 |  2.2
Unarmed Combat | |  3.5
Spellcasting   | |  2.6
Transmutations | |  2.7

Action                   |  1- 3 |  4- 6 || total
-------------------------+-------+-------++-------
Melee: Unarmed           |   100 |    26 ||   126
       Kick              |     6 |       ||     6
       Tailslap          |    12 |     5 ||    17
       Punch             |     1 |       ||     1
       Headbutt          |       |     1 ||     1
Throw: Stone             |    87 |       ||    87
 Cast: Beastly Appendage |     8 |     1 ||     9
  Use: Potion            |     1 |     1 ||     2
  Eat: Chunk             |     3 |       ||     3
Armor: Skin              |    18 |    15 ||    33
Dodge: Dodged            |    53 |    10 ||    63

Table legend:
 A = Spawn XP
 B = Non-spawn XP
 C = Spawn XP percentage of total XP
 D = Spawn monster count
 E = Non-spawn monster count
 F = Spawn count percentage of total count
 G = Total turns spent on level
                    A         B        C        D         E        F      G
               +---------+---------+-------+---------+---------+-------+---------
         Total |       0 |     140 |   0.0 |       0 |      43 |   0.0 |  1745
               +---------+---------+-------+---------+---------+-------+---------
           D:1 |       0 |      55 |   0.0 |       0 |      29 |   0.0 |  1180
           D:2 |       0 |      85 |   0.0 |       0 |      14 |   0.0 |   565
               +---------+---------+-------+---------+---------+-------+---------
